 Dungeon Crawl Stone Soup version 0.31-a0-466-g98c9adc2b6 (webtiles) character file.

Game seed: 17951063084583937589

1080 pokeman the Thaumaturge (level 8, -8/43 HPs)
             Began as a Deep Elf Hedge Wizard on Aug 5, 2023.
             Mangled by an ice beast (13 damage)
             ... on level 5 of the Dungeon.
             The game lasted 00:10:15 (5539 turns).

pokeman the Thaumaturge (Deep Elf Hedge Wizard)     Turns: 5539, Time: 00:10:16

Health: -8/43      AC:  6    Str:  7    XL:     8   Next: 8%
Magic:  23/23      EV: 13    Int: 22    God:
Gold:   372        SH:  0    Dex: 14    Spells: 17/25 levels left

rFire   . . .        z - +0 war axe (elec)
rCold   . . .        (no shield)
rNeg    . . .        b - +0 robe
rPois   .            c - +0 hat
rElec   .            i - +0 cloak
rCorr   .            t - +1 pair of gloves
SInv    .            w - +0 pair of boots
Will    .....        x - amulet of magic regeneration
Stlth   ++           (no ring)
HPRegen 0.27/turn    (no ring)
MPRegen 0.58/turn

%: no passive effects
@: no status effects
A: no striking features
a: no special abilities


You were on level 5 of the Dungeon.
You visited 1 branch of the dungeon, and saw 6 of its levels.

You collected 372 gold pieces.

Inventory:

Hand Weapons
 z - a +0 war axe of electrocution (weapon)
Armour
 b - a +0 robe (worn)
 c - a +0 hat (worn)
 i - a +0 cloak (worn)
 l - a +0 buckler
 t - a +1 pair of gloves (worn)
 w - a +0 pair of boots (worn)
Jewellery
 g - an amulet of guardian spirit
 x - an amulet of magic regeneration (around neck)
 y - an amulet of the acrobat
Scrolls
 e - 6 scrolls of identify {unknown}
 f - a scroll of enchant weapon {unknown}
 h - a scroll of poison {unknown}
 j - a scroll of revelation {unknown}
 k - a scroll of enchant armour {unknown}
 n - 2 scrolls of teleportation {unknown}
 p - 2 scrolls of amnesia {unknown}
 q - 2 scrolls of fog {unknown}
 r - a scroll of torment {unknown}
 u - 3 scrolls of immolation {unknown}
Potions
 d - a potion of magic
 m - 3 potions of curing {unknown}
 o - a potion of brilliance {unknown}
 s - a potion of resistance {unknown}
 v - a potion of attraction {unknown}


   Skills:
 + Level 1.2 Fighting
 - Level 2.0 Armour
 - Level 4.1 Dodging
 - Level 3.0 Stealth
 - Level 2.0 Shields
 * Level 9.2 Spellcasting
 + Level 4.7 Conjurations
 - Level 1.1 Summonings
 - Level 1.1 Translocations
 - Level 1.0 Air Magic
 - Level 1.0 Poison Magic


You had 17 spell levels left.
You knew the following spells:

 Your Spells              Type           Power      Damage    Failure   Level
a - Magic Dart            Conj           100%       1d8       1%          1
b - Mephitic Cloud        Conj/Pois/Air  20%        N/A       8%          3
c - Call Imp              Summ           30%        N/A       6%          2
d - Blink                 Tloc           30%        N/A       6%          2

Your spell library contained the following spells:

 Spells                   Type           Power      Damage    Failure   Level
 Freeze                   Ice            40%        1d6       7%          1
 Slow                     Hex            40%        N/A       7%          1
 Cigotuvi's Dreadful Rot  Necr/Pois/Air  26%        N/A       8%          2
 Hailstorm                Conj/Ice       20%        3d6       8%          3
 Ensorcelled Hibernation  Hex/Ice        20%        N/A       10%         2
 Frozen Ramparts          Ice            20%        1d4       21%         3
 Anguish                  Hex/Necr       5%         N/A       54%         4


Dungeon Overview and Level Annotations

Branches:
Dungeon (6/15)
 Temple: D:4-7

Altars:
Elyvilon
Fedhas
Sif Muna

Shops:
D:4 =


Message History

Aiming: Magic Dart (safe; 1% risk of failure)
Press: ? - help, Shift-Dir - straight line, f/p - ice beast
Aim: an ice beast (lightly wounded, 100% to hit)
The magic dart hits the ice beast.
The ice beast is lightly wounded.
The howler monkey hoots and howls with incredible vigour!
A centaur comes into view.
The centaur shouts!
The ice beast hits you. The ice beast freezes you!
You climb upwards.
There is a stone staircase leading down here.
Unknown command.
Casting: Magic Dart (safe; 1% risk of failure)
Confirm with . or Enter, or press ? or * to list all spells.
A tiny devil pulls itself out of the air.
Your cerulean imp says, "I'm here!"
The ice beast hits you. The ice beast freezes you.
You closely miss the ice beast.
The ice beast is lightly wounded.
The ice beast hits you but does no damage.
Your cerulean imp hits the ice beast but does no damage.
Unknown command.
You hit the ice beast but do no damage.
The ice beast is lightly wounded.
The ice beast hits you. The ice beast freezes you!
Your cerulean imp hits the ice beast but does no damage.
The ice beast closely misses you.
Your cerulean imp hits the ice beast but does no damage.
Unknown command.
You barely miss the ice beast.
The ice beast is lightly wounded.
The ice beast hits you. The ice beast freezes you!
* * * LOW HITPOINT WARNING * * *
Your cerulean imp completely misses the ice beast.
You completely miss the ice beast.
The ice beast is lightly wounded.
The ice beast hits you.
* * * LOW HITPOINT WARNING * * *
The ice beast freezes you!
You die...

#...........#.....#
#......####.#.....# #....(.#
#.#.....# #......# #.###'###
######## ##'##..# #.....## ###
#....5# #..
############....Y##### #..
................@....# #..
....###########.###.## ###
.........# #.#.#.#
.........######.#.#.#
.......<.##.......#.# ##
...^............#.#.############.
....#######.#####.#.#..........'.
#####<# #........#.#.##########.
#.# #..#######.#.# ##


You could see an ice beast (ally target) and a friendly cerulean imp (summoned).

Vanquished Creatures
  An ice beast (D:5)
  A black bear (D:5)
  An ogre (D:5)
  2 scorpions
  A hound (D:5)
  A sleepcap (D:3)
  An orc wizard (D:5)
  3 iguanas (D:5)
  5 gnolls
  9 adders
  A white imp (D:5)
  An ufetubus (D:5)
  A worm (D:5)
  4 dart slugs
  4 orcs
  4 ball pythons
  9 bats
  4 endoplasms
  3 giant cockroaches
  6 goblins
  8 hobgoblins
  4 jackals (D:1)
  3 quokkas
  A frilled lizard (D:3)
  11 kobolds
  14 rats
103 creatures vanquished.

Vanquished Creatures (collateral kills)
  Prince Ribbit (D:5)
  A black bear (D:4)
  A gnoll (D:5)
  An orc (D:5)
  A ball python (D:4)
  2 hobgoblins (D:4)
7 creatures vanquished.

Grand Total: 110 creatures vanquished

Notes
Turn   | Place    | Note
-------+----------+-------------------------------------------
     0 | D:1      | pokeman the Deep Elf Hedge Wizard began the quest for the
                  | Orb.
     0 | D:1      | Reached XP level 1. HP: 10/10 MP: 7/7
   138 | D:1      | Reached XP level 2. HP: 14/16 MP: 2/9
   550 | D:1      | Reached skill level 5 in Spellcasting
   990 | D:1      | Reached XP level 3. HP: 20/20 MP: 8/11
   994 | D:1      | Learned a level 3 spell: Mephitic Cloud
   997 | D:1      | Learned a level 2 spell: Call Imp
  1000 | D:1      | Learned a level 2 spell: Blink
  1226 | D:2      | Reached skill level 1 in Armour
  1327 | D:2      | Reached skill level 1 in Fighting
  1681 | D:2      | Reached XP level 4. HP: 25/25 MP: 8/13
  2985 | D:3      | Found a blossoming altar of Fedhas.
  2998 | D:3      | Found a shimmering blue altar of Sif Muna.
  3003 | D:3      | Found a white marble altar of Elyvilon.
  3132 | D:4      | Noticed a black bear
  3138 | D:4      | Reached skill level 6 in Spellcasting
  3148 | D:4      | Killed a black bear
  3149 | D:4      | Reached XP level 5. HP: 22/29 MP: 3/16
  3155 | D:4      | Reached skill level 1 in Shields
  3436 | D:4      | Reached XP level 6. HP: 26/34 MP: 4/17
  3742 | D:4      | Found Qaxzoimo's Jewellery Emporium.
  3785 | D:4      | Reached skill level 7 in Spellcasting
  4150 | D:5      | Entered Level 5 of the Dungeon
  4300 | D:5      | Noticed an ice beast
  4536 | D:5      | Reached XP level 7. HP: 38/38 MP: 16/20
  4583 | D:5      | Reached skill level 1 in Air Magic
  4583 | D:5      | Reached skill level 1 in Poison Magic
  4822 | D:5      | Noticed Prince Ribbit
  4837 | D:5      | Reached skill level 8 in Spellcasting
  4849 | D:5      | Killed Prince Ribbit
  5073 | D:5      | Reached skill level 9 in Spellcasting
  5309 | D:5      | Reached XP level 8. HP: 43/43 MP: 17/23
  5539 | D:5      | Mangled by an ice beast

Illustrated notes

Levels and vault maps discovered:
D:1:      elethiomel_arrival_quiet, layout_loops_ring
D:2:      layout_rooms, minmay_gold_behind_fungi, minmay_door_square,
          minivault_26
D:3:      layout_basic, minmay_overflow_temple_star_quad,
          hangedman_decor_points, serial_bayou_ford_a, minmay_circle_x
D:4:      layout_rooms, serial_shops, shop_fountains, dk_noncrumbling_4
D:5:      layout_basic, minivault_5, uniq_prince_ribbit1
D:6:      layout_gridville, temple_green, minmay_chambers_of_fives

Skill      XL: |  1  2  3  4  5  6  7 |
---------------+----------------------+-----
Spellcasting   | 5 6 7 9 |  9.2
Armour         | 1 2 |  2.0
Fighting       | 1 |  1.2
Conjurations   | 2 3 4 |  4.7
Stealth        | 3 |  3.0
Dodging        | 3 4 |  4.1
Shields        | 1 2 |  2.0
Air Magic      | 1 |  1.0
Poison Magic   | 1 |  1.0
Summonings     | |  1.1
Translocations | |  1.1

Action                     |  1- 3 |  4- 6 |  7- 9 || total
---------------------------+-------+-------+-------++-------
  Melee: Dagger            |    14 |    44 |    27 ||    85
         Punch             |     1 |     2 |       ||     3
         War axe           |       |       |     4 ||     4
   Cast: Magic Dart        |   101 |   129 |    63 ||   293
         Mephitic Cloud    |       |     7 |     5 ||    12
         Call Imp          |       |     8 |     3 ||    11
         Blink             |       |     4 |       ||     4
   Stab: Confused          |       |     5 |     2 ||     7
 Armour: Robe              |     1 |    18 |    13 ||    32
  Dodge: Dodged            |    15 |    71 |    25 ||   111

Table legend: (Time is in decaauts)
 A = Elapsed time spent in this place.
 B = Non-inter-level travel time spent in this place.
 C = Inter-level travel time spent in this place.
 D = Time resting spent in this place.
 E = Time spent auto-exploring this place.
 F = Levels seen in this place.
 G = Mean time per level.
                   A        B        C        D        E       F      G
               +--------+--------+--------+--------+--------+-----+--------+
         Total |   5553 |   5370 |    183 |    305 |   4235 |   6 |  925.5 |
       Dungeon |   5553 |   5370 |    183 |    305 |   4235 |   6 |  925.5 |
               +--------+--------+--------+--------+--------+-----+--------+

Top non-repeatable levels by time:
     D:5: 1384 daAuts
     D:1: 1157 daAuts
     D:3: 1148 daAuts
     D:2: 1012 daAuts
     D:4: 845 daAuts
     D:6: 5 daAuts
